 Dungeon Crawl Stone Soup version 0.31-a0-263-ge8cad7f256 (webtiles) character file.

Game seed: 11388451583331634535

29 spardeous the Digger (level 3, 0/14 HPs)
             Began as a Felid Earth Elementalist on July 14, 2023.
             Succumbed to a scorpion's poison
             ... on level 4 of the Dungeon.
             The game lasted 00:03:33 (1003 turns).

spardeous the Digger (Felid Earth Elementalist)     Turns: 1003, Time: 00:03:33

Health: 0/14       AC:  1    Str:  4    XL:     3   Next: 1%
Magic:  6/7        EV: 18    Int: 18    God:
Gold:   100        SH:  0    Dex: 16    Spells: 5/6 levels left
                                        Lives:  0   Deaths: 0

rFire   . . .        (weapon unavailable)
rCold   . . .        (shield unavailable)
rNeg    . . .        (body armour unavailable)
rPois   .            (helmet unavailable)
rElec   .            (cloak unavailable)
rCorr   .            (gloves unavailable)
SInv    +            (boots unavailable)
Will    .....        (no amulet)
Stlth   ++           (no ring)
HPRegen 0.22/turn    (no ring)
MPRegen 0.10/turn

%: no passive effects
@: lethally poisoned (0 -> -10), quick
A: very small, claws 1, fangs 3, see invisible, speed 1, shaggy fur 1, stealthy
paws, no weapons or thrown items, no armour, multi-lived
a: no special abilities


You were on level 4 of the Dungeon.
You visited 1 branch of the dungeon, and saw 4 of its levels.

You collected 100 gold pieces.

Inventory:

Talismans
 d - a beast talisman
Wands
 g - a wand of mindburst (15)
Scrolls
 e - 2 scrolls of noise {unknown}
 f - a scroll of identify {unknown}
 h - a scroll of torment {unknown}
 i - a scroll of amnesia {unknown}
Potions
 a - a potion of magic
 b - a potion of curing {unknown}
 c - 3 potions of attraction {unknown}


   Skills:
 + Level 3.4 Dodging
 - Level 2.6 Stealth
 - Level 2.0 Spellcasting
 - Level 1.1 Transmutations
 * Level 3.5 Earth Magic


You had 5 spell levels left.
You knew the following spells:

 Your Spells              Type           Power      Damage    Failure   Level
a - Sandblast             Erth           28%        2d8       4%          1

Your spell library contained the following spells:

 Spells                   Type           Power      Damage    Failure   Level
 Passwall                 Tmut/Erth      8%         N/A       11%         2
 Blink                    Tloc           2%         N/A       26%         2
 Stone Arrow              Conj/Erth      16%        3d8       26%         3
 Tukima's Dance           Hex            1%         N/A       47%         3
 Petrify                  Tmut/Erth      10%        N/A       56%         4
 Manifold Assault         Tloc           1%         N/A       87%         4
 Passage of Golubria      Tloc           1%         N/A       87%         4
 Yara's Violent Unravell  Hex/Tmut       1%         3d3       99%         5


Dungeon Overview and Level Annotations

Branches:
Dungeon (4/15)
 Temple: D:4-7

Altars:
Ru
Uskayaw

Shops:
D:4 (


Innate Abilities, Weirdness & Mutations

You have sharp claws.
You have razor-sharp teeth.
You have supernaturally acute eyesight. (SInv)
You cover ground quickly. (Speed+)
You are covered in fur. (AC +1)
Your paws help you pounce on unaware monsters.
You are incapable of wielding weapons or throwing items.
You cannot wear armour.
You gain extra lives every three experience levels.


Message History

A scorpion is nearby!
Casting: Sandblast (safe; 4% risk of failure)
Confirm with . or Enter, or press ? or * to list all spells.
Aiming: Sandblast (safe; 4% risk of failure)
Press: ? - help, Shift-Dir - straight line, f - scorpion
Aim: a scorpion (82% to hit)
The blast of sand hits the scorpion but does no damage.
Casting: Sandblast (safe; 4% risk of failure)
Confirm with . or Enter, or press ? or * to list all spells.
Aiming: Sandblast (safe; 4% risk of failure)
Press: ? - help, Shift-Dir - straight line, f/p - scorpion
Aim: a scorpion (82% to hit)
The blast of sand hits the scorpion.
The scorpion is lightly wounded.
The scorpion stings you.
You are poisoned.
The scorpion poisons you!
You feel sick.
You feel sick.
You feel sick.
You feel sick.
You feel sick.
You feel sick.
You feel sick.
You feel sick.
You feel sick.
You are no longer poisoned.
A goblin comes into view. It is wielding a +0 dagger.
Casting: Sandblast (safe; 4% risk of failure)
Confirm with . or Enter, or press ? or * to list all spells.
Aiming: Sandblast (safe; 4% risk of failure)
Press: ? - help, Shift-Dir - straight line, f/p - scorpion
Aim: a scorpion (82% to hit)
The blast of sand misses the scorpion.
The scorpion stings you.
* * * LOW HITPOINT WARNING * * *
You are lethally poisoned!
The scorpion poisons you!
* * * LOW HITPOINT WARNING * * *
You feel very sick.
You die...

#........... ....... ###
#......... .....## ######
##.###........# ##.....#
#.....##...#......#..## ##.......
......<....#......#...###.....##.
#....#.................#...?.....
##.................#.............
##...............####.#.........
#............#@..# ####....$...
#...##..#......#...## ##.........
###.###.##.....#.s..# #......#[..
#...............#..###.....##...
#...###...##....##........(# ...
######.....#.........#..........
#...........#.....####.........
#......∩....#....####.......#.
#..#...............##..##...#


You could see a scorpion.

Vanquished Creatures
  An adder (D:2)
  A dart slug (D:1)
  A ball python (D:3)
  4 endoplasms
  A goblin (D:1)
  A hobgoblin (D:3)
  2 kobolds
  2 quokkas (D:1)
  A bat (D:2)
  2 frilled lizards (D:2)
  A rat (D:3)
17 creatures vanquished.

Notes
Turn   | Place    | Note
-------+----------+-------------------------------------------
     0 | D:1      | spardeous the Felid Earth Elementalist began the quest for
                  | the Orb.
     0 | D:1      | Reached XP level 1. HP: 7/7 MP: 4/4
   167 | D:1      | Reached XP level 2. HP: 11/11 MP: 3/6
   708 | D:3      | Found a hide-covered altar of Uskayaw.
   773 | D:3      | Found a sacrificial altar of Ru.
   779 | D:3      | Reached XP level 3. HP: 14/14 MP: 4/7
   897 | D:4      | Found Soinir's Weapon Boutique.
   951 | D:4      | Noticed a scorpion
  1003 | D:4      | Succumbed to a scorpion's poison

Illustrated notes

Levels and vault maps discovered:
D:1:      lemuel_arrival_funnel, layout_basic, corexii_hall_statues_x
D:2:      layout_basic
D:3:      layout_loops_ring, mainiacjoe_overflow_concentric_impassable,
          mainiacjoe_overflow_alcove_1, mainiacjoe_overflow_tiny_flanked,
          ebering_ecumenical_altar_abandoned
D:4:      layout_cave_pools, serial_shops, nicolae_shop_bloodbath_and_beyond

Skill      XL: |  1 |
---------------+----+-----
Dodging        | 3 |  3.4
Earth Magic    | 3 |  3.5
Stealth        | |  2.6
Spellcasting   | |  2.0
Transmutations | |  1.1

Action                     || total
---------------------------++-------
   Cast: Sandblast         ||    31
Ability: Begin Untransform ||     1
  Dodge: Dodged            ||     5
   Form: Beast             ||     1

Table legend: (Time is in decaauts)
 A = Elapsed time spent in this place.
 B = Non-inter-level travel time spent in this place.
 C = Inter-level travel time spent in this place.
 D = Time resting spent in this place.
 E = Time spent auto-exploring this place.
 F = Levels seen in this place.
 G = Mean time per level.
                   A        B        C        D        E       F      G
               +--------+--------+--------+--------+--------+-----+--------+
         Total |    882 |    799 |     83 |     36 |    580 |   4 |  220.5 |
       Dungeon |    882 |    799 |     83 |     36 |    580 |   4 |  220.5 |
               +--------+--------+--------+--------+--------+-----+--------+

Top non-repeatable levels by time:
     D:1: 341 daAuts
     D:3: 303 daAuts
     D:2: 132 daAuts
     D:4: 105 daAuts
